 Dungeon Crawl Stone Soup version 0.31-a0-496-g6f97920a28 (webtiles) character file.

Game seed: 5975394070489547252

7 randomguy2701 the Gusty (level 1, 0/10 HPs)
             Began as a Deep Elf Air Elementalist on Aug 8, 2023.
             Slain by a dart slug (3 damage)
             ... on level 1 of the Dungeon.
             The game lasted 00:00:35 (124 turns).

randomguy2701 the Gusty (Deep Elf Air Elementalist)  Turns: 124, Time: 00:00:36

Health: 0/10       AC:  2    Str:  5    XL:     1   Next: 83%
Magic:  1/6        EV: 17    Int: 19    God:
Gold:   0          SH:  0    Dex: 15    Spells: 5/6 levels left

rFire   . . .        (no weapon)
rCold   . . .        (no shield)
rNeg    . . .        a - +0 robe
rPois   .            (no helmet)
rElec   .            (no cloak)
rCorr   .            (no gloves)
SInv    .            (no boots)
Will    .....        (no amulet)
Stlth   ++           c - +5 ring of evasion
HPRegen 0.21/turn    (no ring)
MPRegen 0.10/turn

%: no passive effects
@: no status effects
A: no striking features
a: no special abilities


You were on level 1 of the Dungeon.
You visited 1 branch of the dungeon, and saw 1 of its levels.

Inventory:

Armour
 a - a +0 robe (worn)
Jewellery
 c - a +5 ring of evasion (left hand)
Potions
 b - a potion of magic


   Skills:
 + Level 2.4 Dodging
 + Level 2.8 Stealth
 + Level 3.0 Spellcasting
 + Level 1.1 Conjurations
 + Level 3.3 Air Magic


You had 5 spell levels left.
You knew the following spells:

 Your Spells              Type           Power      Damage    Failure   Level
a - Shock                 Conj/Air       44%        1d5       6%          1

Your spell library contained the following spells:

 Spells                   Type           Power      Damage    Failure   Level
 Static Discharge         Conj/Air       22%        2-3/arc   10%         2
 Swiftness                Air            15%        N/A       12%         3
 Airstrike                Air            7%         2d(2-18)  36%         4


Dungeon Overview and Level Annotations

Branches:
Dungeon (1/15)

Altars:


Message History

The zap hits the ball python.
You kill the ball python!
A dart slug comes into view.
The zap hits the dart slug.
The dart slug is heavily wounded.
The zap hits the dart slug.
The dart slug is severely wounded.
A dart slug is nearby!
You are out of magic!
You are out of magic!
You are out of magic!
c - a +5 ring of evasion (left hand)
You are out of magic!
The dart slug launches a dart at you. The slug dart hits you.
You are out of magic!
You are out of magic!
You are out of magic!
You are out of magic!
You hit the dart slug but do no damage.
The dart slug is severely wounded.
The dart slug launches a dart at you. The slug dart hits you.
* * * LOW HITPOINT WARNING * * *
You are too injured to fight recklessly!
You hit the dart slug but do no damage.
The dart slug is severely wounded.
You hit the dart slug but do no damage.
The dart slug is severely wounded.
The dart slug misses you.
You completely miss the dart slug.
The dart slug is severely wounded.
The dart slug bites you.
* * * LOW HITPOINT WARNING * * *
You hit the dart slug but do no damage.
The dart slug is severely wounded.
You hit the dart slug.
The dart slug is almost dead.
The dart slug bites you.
You die...

....# . ..#.### #.
####....... #..
............
....##...........
#...........#...
#.#....w...†#.#..#
....###@...†.......
........†...#......
...........##......
.##........##......
#.###..........#.
#.###.....#......
........†........
.#########.######
####.8.8.####


You could see a dart slug.

Vanquished Creatures
  An endoplasm (D:1)
  A giant cockroach (D:1)
  A quokka (D:1)
  2 ball pythons (D:1)
  A rat (D:1)
6 creatures vanquished.

Notes
Turn   | Place    | Note
-------+----------+-------------------------------------------
     0 | D:1      | randomguy2701 the Deep Elf Air Elementalist began the quest
                  | for the Orb.
     0 | D:1      | Reached XP level 1. HP: 10/10 MP: 6/6
     6 | D:1      | Noticed a wyvern
     6 | D:1      | Noticed a black bear
     7 | D:1      | Noticed a lindwurm
     7 | D:1      | Noticed a black mamba
   124 | D:1      | Slain by a dart slug

Illustrated notes

Levels and vault maps discovered:
D:1:      onia_arrival_zoo_common, layout_basic, serial_forest,
          infiniplex_forest_clump_small, infiniplex_forest_clump_double,
          infiniplex_forest_end_3, infiniplex_forest_lined_room_2,
          infiniplex_forest_straight_5, infiniplex_forest_clump_double,
          infiniplex_forest_straight_2, infiniplex_forest_clump_diagonal,
          infiniplex_forest_clump_tiny, infiniplex_forest_clump_small

Action                     || total
---------------------------++-------
  Melee: Unarmed           ||     6
   Cast: Shock             ||    13
 Armour: Robe              ||     1
  Dodge: Dodged            ||     1

Table legend: (Time is in decaauts)
 A = Elapsed time spent in this place.
 B = Non-inter-level travel time spent in this place.
 C = Inter-level travel time spent in this place.
 D = Time resting spent in this place.
 E = Time spent auto-exploring this place.
 F = Levels seen in this place.
 G = Mean time per level.
                   A        B        C        D        E       F      G
               +--------+--------+--------+--------+--------+-----+--------+
         Total |    123 |    123 |      0 |      0 |     85 |   1 |  123.0 |
       Dungeon |    123 |    123 |      0 |      0 |     85 |   1 |  123.0 |
               +--------+--------+--------+--------+--------+-----+--------+

Top non-repeatable levels by time:
     D:1: 123 daAuts
